 Dungeon Crawl Stone Soup version 0.27-a0-650-g8dd3ea4f36 (webtiles) character file.

Game seed: 9932328163501704238

4 jestyr24 the Poker (level 1, 12/16 HPs)
             Began as a Merfolk Gladiator on Mar 15, 2021.
             Quit the game on level 1 of the Dungeon.
             The game lasted 00:01:12 (114 turns).

jestyr24 the Poker (Merfolk Gladiator)               Turns: 114, Time: 00:01:12

Health: 12/16      AC:  4    Str: 14    XL:     1   Next: 70%
Magic:  1/1        EV: 13    Int:  7    God:
Gold:   1          SH:  0    Dex: 15    Spells: 0/0 levels left

rFire    . . .     SeeInvis .   a - +0 trident
rCold    . . .     Faith    .   (no shield)
rNeg     . . .     Spirit   .   b - +0 leather armour
rPois    .         Reflect  .   c - +0 helmet
rElec    .         Harm     .   (no cloak)
rCorr    .         Rampage  .   (no gloves)
Will     .....                  (no boots)
Stlth    +.........             (no amulet)
HPRegen  0.05/turn              (no ring)
MPRegen  0.07/turn              (no ring)

@: no status effects
A: (nimble swimmer 2), mertail
a: no special abilities


You were on level 1 of the Dungeon.
You visited 1 branch of the dungeon, and saw 1 of its levels.

You collected 1 gold pieces.

Inventory:

Hand Weapons
 a - a +0 trident (weapon)
Missiles
 d - 3 throwing nets (quivered)
Armour
 b - a +0 leather armour (worn)
 c - a +0 helmet (worn)


   Skills:
 + Level 2.2 Fighting
 + Level 4.4 Polearms
 + Level 2.0 Throwing
 + Level 4.3 Dodging


You couldn't memorise any spells.
You didn't know any spells.
Your spell library was empty.

Dungeon Overview and Level Annotations

Branches:
Dungeon (1/15)

Altars:


Innate Abilities, Weirdness & Mutations

((You are quick and stealthy while swimming. (Stealth+, EV+, Speed+++)))
Your lower body shifts to a powerful aquatic tail in water.


Message History

You barely miss the bat.
The bat is heavily wounded.
The bat hits you. The bat closely misses you.
You reach to attack!
You barely miss the bat.
The bat is heavily wounded.
The bat hits you.
A goblin comes into view.
The bat hits you but does no damage.
You hit the bat but do no damage.
The bat is heavily wounded.
The bat hits you but does no damage. The bat misses you.
You barely miss the bat.
The bat is heavily wounded.
The bat completely misses you. The bat misses you. x2
You hit the bat.
You kill the bat!
The bat hits you but does no damage. The bat completely misses you.
You barely miss the bat. The bat closely misses you. The bat misses you.
You reach to attack!
You puncture the bat!
You kill the bat!
You reach to attack!
You hit the goblin.
The goblin is severely wounded.
You closely miss the goblin.
The goblin is severely wounded.
The goblin hits you but does no damage.
You barely miss the goblin.
The goblin is severely wounded.
The goblin hits you.
You hit the goblin.
You kill the goblin!
No target in view!
No target in view!
No target in view!
No target in view!
No target in view!
Welcome back, jestyr24 the Merfolk Gladiator.
Press ? for a list of commands and other information.
Are you sure you want to abandon this character and quit the game? (Confirm with "yes".)

♣≈
#######≈##..#####..#
# ≈≈≈≈≈....# ##.#
##....#.## .#
#.####.# .# # #.# .#
#.# .# #.## #.†##
.......#.@#
.........†..#
##########.## ...
.... ...>.# ....!#
.....#


There were no monsters in sight!

Vanquished Creatures
  2 bats (D:1)
  A giant cockroach zombie (D:1)
  A goblin (D:1)
  A leopard gecko zombie (D:1)
  A rat (D:1)
6 creatures vanquished.

Notes
Turn   | Place    | Note
-------+----------+-------------------------------------------
     0 | D:1      | jestyr24 the Merfolk Gladiator began the quest for the Orb.
     0 | D:1      | Reached XP level 1. HP: 16/16 MP: 1/1
   114 | D:1      | Quit the game

Illustrated notes

Levels and vault maps discovered:
D:1:      saegor_arrival_fortress, layout_rooms, minmay_tree_intersection

Action                   || total
-------------------------++-------
Melee: Trident           ||    25
Armor: Leather armour    ||     5
Dodge: Dodged            ||    17

Table legend: (Time is in decaauts)
 A = Elapsed time spent in this place.
 B = Non-inter-level travel time spent in this place.
 C = Inter-level travel time spent in this place.
 D = Time resting spent in this place.
 E = Time spent auto-exploring this place.
 F = Levels seen in this place.
 G = Mean time per level.
                   A        B        C        D        E       F      G
               +--------+--------+--------+--------+--------+-----+--------+
         Total |    115 |    115 |      0 |      0 |     69 |   1 |  115.0 |
       Dungeon |    115 |    115 |      0 |      0 |     69 |   1 |  115.0 |
               +--------+--------+--------+--------+--------+-----+--------+

Top non-repeatable levels by time:
     D:1: 115 daAuts
